 Dungeon Crawl Stone Soup version 0.23.2 (webtiles) character file.

Game seed: 9415231024798922904

217 Borgoz the Skirmisher (level 5, -12/46 HPs)
             Began as a Ghoul Monk on Apr 4, 2019.
             Was a Believer of Ashenzari.
             Mangled by Menkaure (19 damage)
             ... on level 4 of the Dungeon.
             The game lasted 00:05:24 (3432 turns).

Borgoz the Skirmisher (Ghoul Monk)                  Turns: 3432, Time: 00:05:24

Health: -12/46     AC:  5    Str: 15    XL:     5   Next: 94%
Magic:  4/4        EV: 13    Int:  5    God:    Ashenzari [**....]
Gold:   115        SH:  0    Dex: 12    Spells: 4/4 levels left

rFire    + . .     SeeInvis .   f - +2 dagger (flame)
rCold    + . .     Gourm    .   (no shield)
rNeg     + + +     Faith    .   b - +2 leather armour {rF+}
rPois    ∞         Spirit   .   (no helmet)
rElec    .         Reflect  .   (no cloak)
rCorr    .         Harm     .   (no gloves)
MR       .....                  (no boots)
Stlth    ++........             (no amulet)
HPRegen  0.00/turn              (no ring)
MPRegen  0.09/turn              (no ring)

@: rotting
A: rotting body, claws 1, carnivore, cold resistance 1, negative energy
resistance 3, inhibited regeneration, torment resistance, unbreathing
a: Curse Item, Scrying, Renounce Religion


You were on level 4 of the Dungeon.
You worshipped Ashenzari.
Ashenzari was pleased with you.
You were not hungry.

You visited 1 branch of the dungeon, and saw 4 of its levels.
You also visited: Sewer.

You collected 115 gold pieces.

Inventory:

Hand Weapons
 f - a +2 dagger of flaming (weapon)
Armour
 b - a +2 leather armour of fire resistance (worn)
 o - a +0 ring mail of cold resistance
Jewellery
 l - an uncursed amulet of faith
Scrolls
 e - a scroll of enchant weapon
 g - a scroll of remove curse
 h - a scroll of teleportation
 j - a scroll of enchant armour {unknown}
 k - a scroll of identify
 m - a scroll of magic mapping {unknown}
Potions
 d - a potion of ambrosia {unknown}
 i - 2 potions of curing
 p - 2 potions of lignification {unknown}
Comestibles
 c - 8 rations
 n - 3 chunks of flesh


   Skills:
 + Level 3.8 Fighting
 * Level 3.7 Short Blades
 * Level 2.1 Armour
 * Level 3.8 Dodging
 + Level 3.1 Stealth


You had 4 spell levels left.
You didn't know any spells.
Your spell library was empty.

Dungeon Overview and Level Annotations

Branches:
Dungeon (4/15)
 Temple: D:4-7

Altars:
Ashenzari
Cheibriados
Dithmenos
Kikubaaqudgha
Xom
Zin

Annotations:
D:4 Menkaure


Innate Abilities, Weirdness & Mutations

Your body is rotting away.
You thrive on raw meat.
You are immune to poison.
You have sharp fingernails.
You are carnivorous and can eat meat at any time.
Your flesh is cold resistant. (rC+)
You are immune to negative energy. (rN+++)
You do not regenerate when monsters are visible.
You are immune to unholy pain and torment.
You can survive without breathing.


Message History

You completely miss the orc.
The orc is almost dead.
Menkaure hits you. The orc hits you with a +0 whip.
You hit Menkaure but do no damage.
Menkaure is severely damaged.
Menkaure mumbles, "Let me perform the rites..."
Menkaure closely misses you. The orc hits you with a +0 whip.
You hit Menkaure. You burn Menkaure.
Menkaure is almost destroyed.
Menkaure barely misses you.
You hit Menkaure. You burn Menkaure.
Menkaure is almost destroyed.
The orc hits you with a +0 whip.
* * * LOW HITPOINT WARNING * * *
Menkaure hits you.
* * * LOW HITPOINT WARNING * * *
You hit the orc but do no damage.
The orc is almost dead.
Menkaure hits you!!
You die...

....#.........#.###.....>......
*##.........#..#.#.##...........
> ........#.........#......... ,
......##.......###.#..... , , *
,###..?.....######... #
#.......#...... * ..
..#.#.......#....... ,. , * ,
#................... , *
......M@............
......o.............,
....................
.................. ,
....##............ ,
....,............ , , ,...
#..?...##... .., ....?..# ## * ,
, , *


You could see Menkaure and an orc.

Vanquished Creatures
  An orc priest (D:4)
  6 adders
  A river rat (D:3)
  2 worms (D:3)
  3 dart slugs
  7 leopard geckos
  8 orcs
  3 ball pythons
  6 bats
  9 giant cockroaches
  9 goblins
  11 hobgoblins
  3 jackals (D:3)
  2 quokkas
  14 frilled lizards
  5 kobolds
  8 rats
98 creatures vanquished.

Notes
Turn   | Place    | Note
-------+----------+-------------------------------------------
     0 | D:1      | Borgoz the Ghoul Monk began the quest for the Orb.
     0 | D:1      | Reached XP level 1. HP: 19/19 MP: 0/0
    56 | D:1      | Reached XP level 2. HP: 24/26 MP: 1/1
   423 | D:1      | Reached XP level 3. HP: 24/31 MP: 2/2
   425 | D:1      | Reached skill level 1 in Armour
  1170 | D:2      | Found a shattered altar of Ashenzari.
  1173 | D:2      | Found a snail-covered altar of Cheibriados.
  1177 | D:2      | Found an ancient bone altar of Kikubaaqudgha.
  1186 | D:2      | Became a worshipper of Ashenzari the Shackled
  1186 | D:2      | Reached * piety under Ashenzari
  1186 | D:2      | Reached ** piety under Ashenzari
  1242 | D:2      | Reached XP level 4. HP: 38/38 MP: 3/3
  1785 | D:3      | Reached XP level 5. HP: 43/46 MP: 4/4
  1788 | D:3      | Found a glowing drain.
  1803 | Sewer    | Entered a sewer
  2741 | D:3      | Found a shadowy altar of Dithmenos.
  3022 | D:3      | Noticed an angel
  3023 | D:3      | Found a shimmering altar of Xom.
  3024 | D:3      | Found a glowing silver altar of Zin.
  3410 | D:4      | Noticed Menkaure
  3432 | D:4      | Mangled by Menkaure

Skill      XL: |  1  2  3  4  5 |
---------------+----------------+-----
Dodging        | 3 |  3.8
Short Blades   | 3 |  3.7
Armour         | 1 2 |  2.1
Stealth        | 3 |  3.1
Fighting       | |  3.8

Action                   |  1- 3 |  4- 6 || total
-------------------------+-------+-------++-------
Melee: Short sword       |    79 |       ||    79
       Dagger            |    76 |   283 ||   359
  Use: Scroll            |     2 |     3 ||     5
       Potion            |       |     3 ||     3
 Stab: Sleeping          |     6 |     1 ||     7
  Eat: Chunk             |     3 |     7 ||    10
Armor: Robe              |    13 |       ||    13
       Leather armour    |    26 |    65 ||    91
Dodge: Dodged            |    98 |   189 ||   287
